 Dungeon Crawl Stone Soup version 0.24.0-1-gfbc8707 (webtiles) character file.

Game seed: 6464816840814964774, levelgen mode: deterministic

183109 PolloIta the Peltast (level 17, -10/139 HPs)
             Began as a Pale Draconian Fire Elementalist on Dec 1, 2019.
             Was the Champion of Vehumet.
             Hit by a silver javelin thrown by a merfolk javelineer (22 damage)
             ... on level 1 of the Shoals on Dec 4, 2019.
             The game lasted 06:17:11 (46867 turns).

PolloIta the Peltast (DrFE)                        Turns: 46867, Time: 06:17:41

Health: -10/139    AC: 18    Str:  7    XL:     17   Next: 73%
Magic:  5/43       EV: 17    Int: 22    God:    Vehumet [******]
Gold:   1007       SH: 17    Dex: 12    Spells: 5/42 levels left

rFire    + . .     SeeInvis .   Z - +7 falchion of the Middle {slice, rF+}
rCold    . . .     Gourm    .   m - +5 shield
rNeg     + + +     Faith    .   (armour unavailable)
rPois    +         Spirit   .   X - +2 hat {MR+}
rElec    .         Reflect  .   Q - +0 cloak
rCorr    .         Harm     .   M - +2 pair of gloves
MR       ++++.     Clarity  +   g - +2 pair of boots {run}
Stlth    ++........             J - amulet of the Four Winds {rN+ MR+++ Clar}
HPRegen  0.33/turn              t - ring of magical power
MPRegen  0.28/turn              v - ring of Weqo {rPois rN+++ MR- Str-4 Stlth+}

@: about to teleport, very slow
A: breathe steam, unfitting armour, cold-blooded, AC +9
a: Breathe Steam, Renounce Religion


You were on level 1 of the Shoals.
You worshipped Vehumet.
Vehumet was exalted by your worship.
You were not hungry.

You visited 6 branches of the dungeon, and saw 29 of its levels.
You also visited: Sewer.

You collected 3314 gold pieces.
You spent 2307 gold pieces at shops.

Inventory:

Hand Weapons
 A - a +3 rapier of electrocution
 Z - the +7 falchion of the Middle (weapon) {slice, rF+}
   (You found it on level 11 of the Dungeon)

   It inflicts extra damage upon your enemies.
   It protects you from fire.
Missiles
 U - 5 throwing nets (quivered)
Armour
 g - a +2 pair of boots of running (worn)
 m - a +5 shield (worn)
 M - a +2 pair of gloves (worn)
 Q - a +0 cloak (worn)
 X - a +2 hat of magic resistance (worn)
Jewellery
 f - an uncursed ring of protection from fire
 k - an uncursed ring of ice
 t - a ring of magical power (left hand)
 v - the ring of Weqo (right hand) {rPois rN+++ MR- Str-4 Stlth+}
   (You bought it in a shop on level 3 of the Snake Pit)

   [ring of poison resistance]

   It affects your strength (-4).
   It protects you from poison.
   It renders you almost immune to negative energy.
   It affects your resistance to hostile enchantments.
   It makes you more stealthy.
 y - an uncursed ring of resist corrosion
 D - an uncursed ring of see invisible
 J - the amulet of the Four Winds (around neck) {rN+ MR+++ Clar}
   (You bought it in a shop on level 3 of the Snake Pit)

   [amulet of nothing]

   It protects you from negative energy.
   It affects your resistance to hostile enchantments.
   It protects you against confusion.
 K - a +3 amulet of reflection
 P - an uncursed ring of fire
Wands
 e - a wand of paralysis (13)
 x - a wand of acid (7)
Scrolls
 a - 2 scrolls of identify
 d - 4 scrolls of fear
 h - 6 scrolls of fog
 j - a scroll of brand weapon
 o - 5 scrolls of amnesia
 p - 5 scrolls of blinking
 q - 5 scrolls of enchant weapon
 r - 2 scrolls of enchant armour
 s - 12 scrolls of teleportation
 u - a scroll of holy word
 B - 10 scrolls of remove curse
 F - a scroll of acquirement
 G - 7 scrolls of immolation
 I - a scroll of silence
 O - 4 scrolls of vulnerability
 Y - 3 scrolls of magic mapping
Potions
 c - a potion of berserk rage {unknown}
 i - 9 potions of brilliance
 l - 16 potions of curing
 n - 4 potions of might
 w - 2 potions of mutation
 z - 5 potions of haste
 C - a potion of ambrosia {unknown}
 E - 4 potions of lignification
 H - 5 potions of resistance
 L - 6 potions of heal wounds
 N - a potion of magic
 R - a potion of cancellation {unknown}
 S - 4 potions of invisibility
 V - a potion of flight
 W - 4 potions of agility
Comestibles
 b - 40 rations


   Skills:
 + Level 9.8 Fighting
 - Level 8.1(9.6) Short Blades
 + Level 8.0(9.5) Long Blades
 + Level 9.5 Dodging
 - Level 4.1 Stealth
 - Level 15.0 Shields
 + Level 13.0 Spellcasting
 + Level 9.3 Conjurations
 - Level 7.5 Charms
 * Level 5.7 Summonings
 - Level 4.2 Translocations
 + Level 11.5 Fire Magic
 * Level 7.6 Air Magic


You had 5 spell levels left.
You knew the following spells:

 Your Spells              Type           Power        Failure   Level  Hunger
b - Throw Flame           Conj/Fire      ######       1%          2    None
c - Sticky Flame          Conj/Fire      ######..     1%          4    None
d - Fireball              Conj/Fire      ######....   1%          5    ###....
e - Spellforged Servitor  Conj/Summ      #####.....   38%         7    ######.
f - Lee's Rapid Deconstr  Erth           ##........   30%         5    ###....
g - Blink                 Tloc           N/A          1%          2    None
h - Deflect Missiles      Chrm/Air       #####.....   30%         6    #####..
j - Bolt of Fire          Conj/Fire      ######....   2%          6    #####..

Your spell library contained the following spells:

 Spells                   Type           Power        Failure   Level  Hunger
 Chain Lightning          Conj/Air       ######....   89%         8    #######
 Fire Storm               Conj/Fire      ######....   100%        9    #######
 Glaciate                 Conj/Ice       ####......   100%        9    #######
 Flame Tongue             Conj/Fire      #####        1%          1    None
 Sandblast                Erth           ##....       1%          1    None
 Shock                    Conj/Air       ####         1%          1    None
 Summon Small Mammal      Summ           ####         1%          1    None
 Call Imp                 Summ           #####...     1%          2    None
 Shroud of Golubria       Chrm/Tloc      #####.       1%          2    None
 Swiftness                Chrm/Air       #####...     1%          2    None
 Call Canine Familiar     Summ           #####...     1%          3    None
 Conjure Flame            Conj/Fire      ######..     1%          3    None
 Dazzling Spray           Conj/Hex       ####..       1%          3    None
 Inner Flame              Hex/Fire       #####...     1%          3    None
 Static Discharge         Conj/Air       ######..     1%          3    None
 Stone Arrow              Conj/Erth      ####..       1%          3    None
 Airstrike                Air            #####.....   1%          4    None
 Lightning Bolt           Conj/Air       ######....   1%          5    ###....
 Gell's Gravitas          Tloc           ####......   2%          3    None
 Lesser Beckoning         Tloc           ####......   2%          3    None
 Teleport Other           Tloc           ####....     2%          3    None
 Summon Lightning Spire   Summ/Air       #####...     2%          4    None
 Beastly Appendage        Tmut           ##....       4%          1    None
 Confusing Touch          Hex            ##....       4%          1    None
 Corona                   Hex            ##.....      4%          1    None
 Summon Guardian Golem    Hex/Summ       ####....     4%          3    None
 Ensorcelled Hibernation  Hex/Ice        ##....       7%          2    None
 Passwall                 Tmut/Erth      ##......     7%          2    None
 Sticks to Snakes         Tmut           ##......     7%          2    None
 Passage of Golubria      Tloc           N/A          8%          4    None
 Confuse                  Hex            ##......     13%         3    None
 Spider Form              Tmut/Pois      ##........   13%         3    None
 Tukima's Dance           Hex            ##......     13%         3    None
 Summon Ice Beast         Ice/Summ       ####....     14%         4    None
 Silence                  Hex/Air        ####......   26%         5    ###....
 Yara's Violent Unravell  Hex/Tmut       ##........   30%         5    ###....
 Cause Fear               Hex            ##........   41%         4    None
 Ice Form                 Ice/Tmut       ##......     41%         4    None
 Petrify                  Tmut/Erth      ##......     41%         4    None
 Blade Hands              Tmut           ##........   77%         5    ###....
 Metabolic Englaciation   Hex/Ice        ##........   77%         5    ###....
 Freezing Cloud           Conj/Ice/Air   #####.....   17%         6    #####..
 Bolt of Cold             Conj/Ice       ####......   26%         6    #####..
 Ignition                 Fire           ######....   52%         8    #######
 Ozocubu's Refrigeration  Ice            ##........   82%         6    #####..
 Simulacrum               Ice/Necr       ##........   100%        6    #####..
 Discord                  Hex            ##........   100%        8    #######
 Shatter                  Erth           ##........   100%        9    #######
 Tornado                  Air            #####.....   100%        9    #######


Dungeon Overview and Level Annotations

Branches:
Dungeon (15/15)            Temple (1/1) D:4            Lair (6/6) D:9
 Shoals (1/4) Lair:2        Snake (4/4) Lair:4        Slime (0/5) Lair:6
    Orc (2/2) D:9             Elf (0/3) Orc:2        Vaults (0/5) D:13
 Depths (0/5) D:15          Sewer (visited)

Altars:
Ashenzari
Cheibriados
Dithmenos
Elyvilon
Fedhas
Gozag
Hepliaklqana
Kikubaaqudgha
Makhleb
Nemelex Xobeh
Okawaru
Qazlal
Ru
Sif Muna
Trog
Uskayaw
Vehumet
Wu Jian
Xom
Yredelemnul
Zin
The Shining One
Beogh
Jiyva

Shops:
Orc:1 ?   Orc:2 [(![   Snake:2 ?   Snake:3 :=[(   Snake:4 (

Annotations:
Lair:2 3 runed translucent doors, Haxyobbu's ghost, journeyman MiFi; Zoobame's ghost, journeyman DEWz; yuri's ghost, journeyman OgTm
Lair:3 3 runed translucent doors, yuri's ghost, journeyman DENe
Snake:2 Roxanne
Snake:4 Bai Suzhen


Innate Abilities, Weirdness & Mutations

You can breathe blasts of scalding, opaque steam.
Your pale cyan-grey scales are hard. (AC +9)
You cannot fit into any form of body armour.
You are cold-blooded and may be slowed by cold attacks.


Message History

You hear a splash.
The merfolk impaler hits you from afar with a +1 trident of pain!
As you read the scroll of teleportation, it crumbles to dust.
You feel strangely unstable.
The merfolk javelineer throws a silver javelin.
The silver javelin pierces through you!
* * * LOW HITPOINT WARNING * * *
x2 You block the merfolk impaler's attack.
The merfolk javelineer throws a javelin.
The javelin pierces through you!!
* * * LOW HITPOINT WARNING * * *
You hear a splash.
The merfolk javelineer throws a silver javelin.
The silver javelin pierces through you but does no damage.
* * * LOW HITPOINT WARNING * * *
You hear a splash.
You block the merfolk impaler's attack. x2
The merfolk javelineer throws a silver javelin.
The silver javelin pierces through you!!
You die...

≈≈≈≈≈........≈≈≈≈≈≈≈≈≈≈≈≈≈≈≈≈≈
≈≈≈≈.###.......≈≈≈≈≈≈≈≈≈≈≈≈≈≈≈
≈≈≈..# #...≈≈≈≈≈≈≈.≈..≈≈≈≈≈≈≈≈
≈≈..## #..≈≈≈≈≈≈≈≈.....≈≈≈≈≈≈≈
..######.≈≈≈≈≈≈≈........≈≈≈≈≈≈
......##...≈≈≈≈....##...≈≈≈≈≈≈
......##...≈≈≈≈≈.#####...≈≈≈≈≈
......##.....≈≈≈≈.####...≈≈≈≈≈≈
P.....#..≈≈..≈≈.@.#.....≈≈≈≈≈≈≈≈≈
..........≈.≈.#≈≈..#...≈≈≈≈≈≈≈≈≈≈
....P≈......≈...≈≈m....≈≈≈≈≈≈≈≈≈≈
≈≈≈≈≈≈≈..P..≈≈≈≈≈≈......≈≈≈≈≈≈≈≈≈
≈#####≈≈.P.≈P≈≈≈≈≈≈mm..≈≈.≈≈≈≈≈≈≈
##m≈m##≈P..P≈≈≈≈≈≈.....≈..≈≈≈≈..≈
#m≈≈≈m#≈P.PP≈≈≈≈≈≈...m....≈≈≈≈≈≈≈
#≈≈≈≈≈#≈≈....Pm≈≈≈.........≈≈≈≈≈≈
#≈≈≈≈≈#≈≈.......≈≈≈......).).≈≈≈≈


You could see 2 merfolk impalers and 3 merfolk javelineers.

Vanquished Creatures
  Saint Roka (Snake:4)
  Nikola (Snake:1)
  Gastronok (D:12)
  Frances (D:13)
  9 nagarajas
  An orc warlord (Orc:2)
  Aizul (Snake:2)
  An ettin (Orc:2)
  An ettin (shapeshifter) (D:15)
  A merfolk javelineer (Shoals:1)
  A merfolk impaler (Shoals:1)
  Josephine (D:10)
  2 fire dragons
  Fannar (Lair:2)
  A rakshasa (D:15)
  9 naga warriors
  A merfolk avatar (Shoals:1)
  Harold (Orc:1)
  Erica (D:8)
  7 hydras
  4 centaur warriors
  12 anacondas
  3 two-headed ogres
  A catoblepas (Lair:6)
  5 death yaks
  9 naga sharpshooters
  A tengu warrior (D:15)
  An orc high priest (Orc:1)
  Urug (Lair:3)
  Sonja (D:13)
  An iron troll (D:14)
  5 sea snakes (Shoals:1)
  2 unseen horrors
  4 salamander mystics
  A death drake (shapeshifter) (D:15)
  A glowing orange brain (D:14)
  9 naga ritualists
  Pikel (D:6)
  4 lindwurms
  2 orc knights (Orc:2)
  A wizard (D:13)
  2 deep elf magi
  A harpy (shapeshifter) (D:15)
  A faun (Shoals:1)
  16 ugly things
  10 salamanders
  5 mana vipers
  4 orc sorcerers
  3 oklob plants
  4 manticores
  3 cyclopes
  10 elephants
  3 centaur zombies
  3 merfolk sirens (Shoals:1)
  2 molten gargoyles (Lair:6)
  An ice statue (D:14)
  8 guardian serpents
  18 naga magi
  A water nymph (shapeshifter) (D:15)
  Maurice (D:13)
  A torpor snail (Lair:6)
  32 black mambas
  Psyche (D:8)
  A gargoyle (D:13)
  9 spiny frogs
  2 centaur skeletons
  4 rime drakes
  A kobold demonologist (D:11)
  10 merfolk
  11 komodo dragons
  A tengu conjurer (D:15)
  A queen bee (Lair:2)
  17 trolls
  A meliai (shapeshifter) (D:14)
  The ghost of Salanewt the Chiller, an amateur BaIE of Jiyva (D:5)
  A hornet (D:8)
  A snapping turtle (Shoals:1)
  A hippogriff (shapeshifter) (D:15)
  15 hippogriffs
  15 dream sheep
  10 blink frogs
  14 slime creatures
  Sigmund (D:4)
  A shadow (D:15)
  3 water elementals (D:14)
  9 wyverns
  A vampire (D:15)
  5 wraiths
  35 yaks
  7 basilisks
  2 hungry ghosts
  5 wargs
  3 steam dragons (Lair:6)
  Menkaure (D:4)
  3 soldier ants
  51 nagas
  An acid dragon (D:9)
  10 porcupines
  4 hell hounds (Lair:6)
  14 water moccasins
  35 orc warriors
  3 black bears
  2 hornet zombies (D:15)
  10 ogres
  4 ice beasts
  4 slaves (D:6)
  2 sky beasts
  7 wolves
  A necrophage (D:8)
  3 phantoms
  4 centaurs
  16 crocodiles
  19 bullfrogs
  6 big kobolds
  3 gnoll sergeants
  A scorpion (D:4)
  A wyvern skeleton (D:12)
  28 killer bees (Lair:2)
  11 wights
  8 howler monkeys
  11 crimson imps
  4 lava snakes (Lair:6)
  2 quasits
  A bullfrog zombie (D:10)
  A gnoll shaman (D:8)
  8 hounds
  6 jellies
  21 orc priests
  A bullfrog skeleton (D:5)
  8 iguanas
  37 orc wizards
  13 worker ants
  2 hound zombies
  2 hound skeletons
  A howler monkey zombie (D:7)
  A howler monkey skeleton (D:8)
  16 adders
  12 gnolls
  4 shadow imps
  A white imp (D:8)
  15 oozes (Sewer)
  3 adder skeletons
  2 adder zombies
  8 worms
  4 dart slugs
  18 leopard geckos
  101 orcs
  8 bats
  21 giant cockroaches
  5 goblins
  10 hobgoblins
  16 jackals
  6 quokkas
  13 ball pythons
  22 frilled lizards
  16 kobolds
  A quokka skeleton (D:6)
  9 rats
1112 creatures vanquished.

Vanquished Creatures (others)
  Vashnia (Snake:2)
  A naga sharpshooter (Snake:1)
  An orc warrior (Snake:4)
  An orc wizard (Orc:2)
  An orc (Orc:1)
  14 fungi
  5 plants
24 creatures vanquished.

Grand Total: 1136 creatures vanquished

Notes
Turn   | Place    | Note
-------+----------+-------------------------------------------
     0 | D:1      | PolloIta the Draconian Fire Elementalist began the quest
                  | for the Orb.
     0 | D:1      | Reached XP level 1. HP: 14/14 MP: 3/3
   224 | D:1      | Reached XP level 2. HP: 20/20 MP: 3/5
   402 | D:1      | Identified a +2 pair of boots of running (You found it on
                  | level 1 of the Dungeon)
   586 | D:1      | You fall into a shaft and drop 1 floor!
   743 | D:1      | Reached XP level 3. HP: 20/26 MP: 6/6
  1086 | D:2      | Found a bloodstained altar of Trog.
  1087 | D:2      | Found a stormy altar of Qazlal.
  1585 | D:3      | Reached XP level 4. HP: 24/33 MP: 3/8
  1651 | D:3      | Found a glowing drain.
  1671 | Sewer    | Entered a sewer
  1895 | Sewer    | Reached skill level 1 in Short Blades
  2197 | Sewer    | Reached XP level 5. HP: 22/38 MP: 9/9
  2838 | Sewer    | Reached XP level 6. HP: 38/45 MP: 3/11
  3001 | D:3      | Found a glowing silver altar of Zin.
  3511 | D:4      | Your scales start taking on a pale cyan-grey colour.
  3511 | D:4      | Reached skill level 5 in Fire Magic
  3511 | D:4      | Reached XP level 7. HP: 38/50 MP: 12/12
  3684 | D:4      | Noticed Sigmund
  3905 | D:3      | Learned a level 2 spell: Throw Flame
  3910 | D:3      | Learned a level 4 spell: Sticky Flame
  4028 | D:4      | Found a staircase to the Ecumenical Temple.
  4045 | D:4      | Killed Sigmund
  4045 | D:4      | Reached skill level 5 in Short Blades
  4061 | D:4      | Found a hide-covered altar of Uskayaw.
  4069 | Temple   | Entered the Ecumenical Temple
  4230 | Temple   | Became a worshipper of Vehumet
  4368 | D:4      | Found a shattered altar of Ashenzari.
  4665 | D:4      | Noticed Menkaure
  4672 | D:4      | Killed Menkaure
  4672 | D:4      | Reached XP level 8. HP: 8/57 MP: 15/15
  5218 | D:5      | Entered Level 5 of the Dungeon
  5218 | D:5      | Found a transporter.
  5229 | D:5      | Reached skill level 5 in Spellcasting
  5279 | D:5      | Noticed Salanewt's ghost (amateur BaIE)
  5280 | D:5      | Found a transporter.
  5552 | D:5      | Found a shimmering blue altar of Sif Muna.
  6010 | D:6      | Reached * piety under Vehumet
  6010 | D:6      | Offered knowledge of Shock by Vehumet.
  6030 | D:6      | Noticed Pikel
  6248 | D:6      | Killed Pikel
  6248 | D:6      | Reached skill level 5 in Conjurations
  6248 | D:6      | Reached XP level 9. HP: 51/62 MP: 7/18
  6522 | D:6      | HP: 3/62 [orc warrior/+0 trident (5)]
  6528 | D:6      | HP: 2/62 [poisoned by a worker ant]
  6537 | D:6      | HP: 2/62 [poisoned by a worker ant]
  7356 | D:7      | Found an ornate altar of the Wu Jian Council.
  7647 | D:8      | Offered knowledge of Sandblast by Vehumet.
  7663 | D:8      | Reached ** piety under Vehumet
  7895 | D:8      | Found a blossoming altar of Fedhas.
  7959 | D:8      | Noticed a two-headed ogre
  7978 | D:8      | Killed a two-headed ogre
  8146 | D:8      | Learned a level 5 spell: Fireball
  8148 | D:8      | Learned a level 1 spell: Sandblast
  8226 | D:8      | Reached skill level 1 in Fighting
  8226 | D:8      | Reached XP level 10. HP: 71/71 MP: 17/20
  8295 | D:8      | Noticed Erica
  8303 | D:8      | Killed Erica
  8389 | D:8      | Paralysed by a hornet for 2 turns
  8410 | D:8      | Offered knowledge of Static Discharge by Vehumet.
  8722 | D:8      | Noticed Psyche
  8762 | D:8      | Killed Psyche
  8782 | D:8      | Reached *** piety under Vehumet
  9591 | D:9      | Offered knowledge of Dazzling Spray by Vehumet.
  9606 | D:9      | Found a sparkling altar of Nemelex Xobeh.
  9767 | D:9      | Found an opulent altar of Gozag.
  9806 | D:9      | Found a staircase to the Orcish Mines.
 10043 | D:9      | Reached **** piety under Vehumet
 10043 | D:9      | Reached XP level 11. HP: 67/81 MP: 17/23
 10372 | D:9      | Found a sacrificial altar of Ru.
 10495 | D:9      | Reached skill level 10 in Fire Magic
 10581 | D:9      | Offered knowledge of Lee's Rapid Deconstruction by Vehumet.
 10868 | D:9      | Learned a level 5 spell: Lee's Rapid Deconstruction
 11050 | D:9      | Found a staircase to the Lair.
 11154 | D:10     | Entered Level 10 of the Dungeon
 11792 | D:10     | Noticed Josephine
 11795 | D:10     | Reached skill level 1 in Shields
 11798 | D:10     | Killed Josephine
 11798 | D:10     | Reached skill level 3 in Shields
 11992 | Lair:1   | Entered Level 1 of the Lair of Beasts
 12012 | Lair:1   | Reached ***** piety under Vehumet
 12014 | Lair:1   | Offered knowledge of Ozocubu's Refrigeration by Vehumet.
 12014 | Lair:1   | Reached skill level 4 in Shields
 12146 | Lair:1   | Reached skill level 5 in Shields
 12625 | Lair:1   | Reached skill level 6 in Shields
 13042 | Lair:2   | Noticed a six-headed hydra
 13085 | Lair:1   | Reached skill level 5 in Fighting
 13262 | Lair:2   | Found a staircase to the Shoals.
 13270 | Lair:2   | Reached XP level 12. HP: 94/94 MP: 13/25
 13378 | Lair:2   | Reached skill level 7 in Shields
 13420 | Lair:2   | Found a runed translucent gate.
 13420 | Lair:2   | Found a runed translucent gate.
 13420 | Lair:2   | Found a runed translucent gate.
 13464 | Lair:2   | Killed a six-headed hydra
 14090 | Lair:2   | Noticed Fannar
 14182 | Lair:2   | Reached skill level 8 in Shields
 14203 | Lair:2   | Noticed yuri's ghost (journeyman OgTm)
 14203 | Lair:2   | Noticed Zoobame's ghost (journeyman DEWz)
 14203 | Lair:2   | Noticed Haxyobbu's ghost (journeyman MiFi)
 14414 | Lair:2   | Killed Fannar
 14414 | Lair:2   | Reached skill level 5 in Dodging
 14836 | Lair:2   | Offered knowledge of Iskenderun's Battlesphere by Vehumet.
 14841 | Lair:2   | Reached skill level 9 in Shields
 15436 | Lair:3   | Found a runed translucent gate.
 15437 | Lair:3   | Found a runed translucent gate.
 15437 | Lair:3   | Noticed yuri's ghost (journeyman DENe)
 15437 | Lair:3   | Noticed a ten-headed hydra
 15438 | Lair:3   | Found a runed translucent gate.
 15448 | Lair:3   | Noticed a five-headed hydra
 15703 | Lair:3   | Noticed Urug
 16019 | Lair:3   | Learned a level 2 spell: Blink
 16364 | Lair:3   | Killed a five-headed hydra
 16364 | Lair:3   | Reached skill level 10 in Shields
 16615 | Lair:3   | Killed Urug
 16750 | Lair:3   | Learned a level 6 spell: Deflect Missiles
 17098 | Lair:4   | Reached XP level 13. HP: 103/103 MP: 21/26
 17185 | Lair:4   | Reached skill level 1 in Charms
 17185 | Lair:4   | Reached skill level 1 in Translocations
 17185 | Lair:4   | Reached skill level 1 in Air Magic
 18368 | Lair:4   | Found a staircase to the Snake Pit.
 19107 | Lair:6   | Entered Level 6 of the Lair of Beasts
 19413 | Lair:6   | Reached skill level 10 in Spellcasting
 19705 | Lair:6   | Offered knowledge of Venom Bolt by Vehumet.
 20773 | Lair:6   | Reached XP level 14. HP: 113/113 MP: 14/29
 20788 | Lair:6   | Found a staircase to the Slime Pits.
 21200 | Lair:6   | Learned a level 5 spell: Lightning Bolt
 21679 | Lair:6   | Found a large runed translucent door.
 22453 | Lair:6   | Found a viscous altar of Jiyva.
 22604 | Lair:6   | Found a large runed translucent door.
 23438 | D:11     | Offered knowledge of Bolt of Fire by Vehumet.
 23584 | D:11     | Reached skill level 11 in Shields
 24059 | D:12     | Noticed Gastronok
 24180 | D:12     | Killed Gastronok
 24635 | D:13     | Noticed Sonja
 24637 | D:13     | Killed Sonja
 24700 | D:13     | Noticed Maurice
 24844 | D:13     | Reached skill level 12 in Shields
 24860 | D:13     | Learned a level 6 spell: Bolt of Fire
 24903 | D:13     | Noticed Frances
 25074 | D:13     | Killed Maurice
 25896 | D:13     | Found a gate to the Vaults.
 25965 | D:13     | Killed Frances
 25983 | D:13     | Reached skill level 13 in Shields
 26021 | D:13     | Found a shadowy altar of Dithmenos.
 26992 | D:14     | Offered knowledge of Poison Arrow by Vehumet.
 27252 | D:14     | Reached XP level 15. HP: 98/118 MP: 31/31
 27330 | D:14     | Reached skill level 14 in Shields
 27549 | D:15     | Entered Level 15 of the Dungeon
 28394 | D:15     | Found a shattered altar of Ashenzari.
 28516 | D:15     | Reached skill level 15 in Shields
 28527 | D:15     | Reached skill level 5 in Air Magic
 29583 | D:15     | Found a staircase to the Depths.
 29845 | Orc:1    | Entered Level 1 of the Orcish Mines
 29868 | Orc:1    | Reached ****** piety under Vehumet
 29892 | Orc:1    | Noticed Harold
 29955 | D:9      | Offered knowledge of Spellforged Servitor by Vehumet.
 29975 | Orc:1    | Killed Harold
 30102 | Orc:1    | Found a bloodstained altar of Trog.
 30221 | Orc:1    | Found Saelidoh's Magic Scroll Shop.
 30228 | Orc:1    | Bought a scroll of identify for 24 gold pieces
 30228 | Orc:1    | Bought a scroll of holy word for 90 gold pieces
 30228 | Orc:1    | Bought a scroll of identify for 24 gold pieces
 30228 | Orc:1    | Bought a scroll of fog for 24 gold pieces
 30228 | Orc:1    | Bought a scroll of magic mapping for 42 gold pieces
 30445 | Orc:1    | Learned a level 7 spell: Spellforged Servitor
 30585 | Orc:2    | Entered Level 2 of the Orcish Mines
 30882 | Orc:2    | Found a staircase to the Elven Halls.
 30883 | Orc:2    | Found a roughly hewn altar of Beogh.
 31108 | Orc:2    | Found a roughly hewn altar of Beogh.
 31109 | Orc:2    | Found Xuaqockigi's Armour Emporium.
 31227 | Orc:2    | Found a roughly hewn altar of Beogh.
 31373 | Orc:2    | Noticed an orc warlord
 31472 | Orc:2    | Killed an orc warlord
 31623 | Orc:2    | Reached skill level 5 in Charms
 31656 | Orc:2    | Found Enerche's Antique Armour Boutique.
 31657 | Orc:2    | Found a roughly hewn altar of Beogh.
 31660 | Orc:2    | Found Velleppo's Antique Weapon Shop.
 31710 | Orc:2    | Found a roughly hewn altar of Beogh.
 31801 | Orc:2    | Found a roughly hewn altar of Beogh.
 31818 | Orc:2    | Offered knowledge of Orb of Destruction by Vehumet.
 31850 | Orc:2    | Found Laessaep's Distillery.
 31855 | Orc:2    | Bought a potion of resistance for 140 gold pieces
 31855 | Orc:2    | Bought a potion of haste for 140 gold pieces
 31890 | Orc:2    | Found a roughly hewn altar of Beogh.
 32011 | Orc:2    | Found a roughly hewn altar of Beogh.
 32179 | D:11     | Got a scorched falchion
 32180 | D:11     | Identified the +7 falchion of the Middle {slice, rF+} (You
                  | found it on level 11 of the Dungeon)
 32776 | D:5      | Killed Salanewt's ghost
 33026 | Snake:1  | Entered Level 1 of the Snake Pit
 33332 | Snake:1  | Reached skill level 1 in Long Blades
 33463 | Snake:1  | Noticed Nikola
 33639 | Snake:1  | Identified a scroll of acquirement
 34539 | Snake:1  | Reached XP level 16. HP: 129/129 MP: 32/32
 34608 | Snake:1  | Killed Nikola
 35285 | Snake:2  | Noticed Vashnia
 35631 | Snake:2  | Killed Vashnia
 35802 | Snake:2  | Reached skill level 5 in Long Blades
 36123 | Snake:2  | Found Casher's Magic Scroll Shoppe.
 36131 | Snake:2  | Bought a scroll of teleportation for 42 gold pieces
 36131 | Snake:2  | Bought a scroll of fear for 49 gold pieces
 36538 | Snake:2  | Noticed Aizul
 36544 | Snake:2  | Killed Aizul
 36790 | Snake:2  | Noticed Roxanne
 36910 | Snake:2  | Reached skill level 1 in Summonings
 39269 | Snake:3  | Found Tihiety's Weapon Emporium.
 39269 | Snake:3  | Found Caejyath's Book Shoppe.
 39270 | Snake:3  | Found Qaefeavu's Jewellery Shoppe.
 39272 | Snake:3  | Found Itzo's Antique Armour Emporium.
 39292 | Snake:3  | Bought the ring of Weqo {rPois rN+++ MR- Str-4 Stlth+} for
                  | 687 gold pieces
 39292 | Snake:3  | Bought the amulet of the Four Winds {rN+ MR+++ Clar} for
                  | 790 gold pieces
 39292 | Snake:3  | Found the amulet of the Four Winds {rN+ MR+++ Clar}
 39303 | Snake:3  | Bought a pair of glowing gloves for 255 gold pieces
 40156 | Snake:4  | Entered Level 4 of the Snake Pit
 40320 | Snake:4  | Noticed Saint Roka
 41672 | Snake:4  | Reached XP level 17. HP: 117/138 MP: 33/33
 42448 | Snake:4  | Found Pequsoin's Antique Weapon Emporium.
 42528 | Snake:4  | Offered knowledge of Fire Storm by Vehumet.
 42528 | Snake:4  | Offered knowledge of Glaciate by Vehumet.
 42528 | Snake:4  | Offered knowledge of Chain Lightning by Vehumet.
 43394 | Snake:4  | Killed Saint Roka
 44840 | Snake:4  | Reached skill level 5 in Summonings
 45345 | Snake:4  | Noticed Bai Suzhen
 45568 | Shoals:1 | Entered Level 1 of the Shoals
 46867 | Shoals:1 | Hit by a silver javelin thrown by a merfolk javelineer

Levels and vault maps discovered:
D:1:      ncdulo_wetmaze, layout_basic
D:2:      layout_basic, gammafunk_temple_overflow_statue, minmay_statues_item
D:3:      layout_rooms, old_standard_altar, cheibrodos_sewer_entry_drain,
          grunt_decor_cap, kennysheep_generic_room_9
D:4:      layout_layer_cave, lemuel_crystal_altar, ashenzari_altar_1,
          minmay_temple_entry_proselytizer, uniq_menkaure, uniq_sigmund
D:5:      layout_rooms, lemuel_crystal_altar, first_ration,
          gammafunk_ghost_arena
D:6:      layout_loops_ring, uniq_pikel
D:7:      layout_basic, basic_altar, grunt_tough_drop
D:8:      layout_loops_ring, basic_altar, hangedman_pestilent_swarm,
          minmay_nine_imps, uniq_erica, uniq_psyche
D:9:      layout_long_grid, grunt_gozag_statues, nicolae_overflow_hidden_temple,
          erik_lair_dragon, kennysheep_orc_monster_closet_entryway,
          nicolae_ru_sacrificial_ziggurat
D:10:     minmay_angry_zag, layout_basic, uniq_josephine
D:11:     layout_basic
D:12:     layout_long_grid, uniq_gastronok
D:13:     layout_basic, david_vaults_1, grunt_dithmenos_smoke_and_mirrors,
          uniq_maurice, uniq_frances, uniq_sonja
D:14:     lemuel_troll_bridge, layout_irregular_city, serial_park_tiny_1,
          grunt_decor_one_mirror, minivault_16, hangedman_decor_peaks_small
D:15:     gammafunk_enter_depths_forms, layout_long_grid, basic_altar,
          chequers_serial_rivers_large_b
Temple:   dshaligram_water_room_temple
Lair:1:   layout_gridlike, beast_lair_carwin_6, serial_bayou_shore_b
Lair:2:   regret_index_harrowing_hell_hive, layout_regular_city,
          minmay_shoals_entry_beasts, gammafunk_ghost_cemetery, st_stairs_10,
          uniq_fannar
Lair:3:   layout_cave_pods, gammafunk_ghost_hydra_chop, beast_lair_carwin_11,
          lemuel_fruit_fields, uniq_urug
Lair:4:   beast_lair_carwin_large_3, layout_hall_layers,
          minmay_snake_entry_guardpost_large
Lair:5:   layout_regular_city, serial_bayou_lagoon_a, serial_bayou_pond_d
Lair:6:   cheibrodos_lair_end_hotspot, layout_gridlike, slime_altar_1,
          nicolae_lair_yak_garden
Shoals:1: layout_shoals, nicolae_shoals_mertower
Snake:1:  layout_chambers, lemuel_fruit_tree, uniq_nikola
Snake:2:  layout_cave_town, serial_shops, shop, uniq_vashnia, uniq_aizul,
          uniq_roxanne
Snake:3:  layout_onion, minmay_shoptagon, grunt_megastairs_2
Snake:4:  snake_pit_salamanders_mu, layout_rooms, serial_shops, shop_statue,
          grunt_ministairs_11, uniq_saint_roka, uniq_asterion, uniq_bai_suzhen
Orc:1:    layout_caves, basic_altar, serial_shops, shop, guppyfry_library_mini,
          uniq_harold
Orc:2:    grunt_orc_community_town_hall, layout_caves,
          grunt_orc_community_big_house_1, grunt_orc_community_big_house_2,
          grunt_orc_community_house_3, grunt_orc_community_house_1,
          grunt_orc_community_house_3, grunt_orc_community_house_3,
          grunt_orc_community_house_1

Skill      XL: |  1  2  3  4  5  6  7  8  9 10 11 12 13 14 15 16 17 |
---------------+----------------------------------------------------+-----
Fire Magic     | 4 5 6 7 8 9 10 11 | 11.5
Spellcasting   | 3 4 6 7 8 9 11 12 13 | 13.0
Short Blades   | 1 3 4 5 8 |  8.1
Conjurations   | 2 3 5 6 7 8 9 |  9.3
Fighting       | 1 2 5 6 7 8 9 |  9.8
Dodging        | 3 6 8 9 |  9.5
Stealth        | 2 4 |  4.1
Shields        | 6 10 13 15 | 15.0
Charms         | 3 5 7 |  7.5
Translocations | 4 |  4.2
Air Magic      | 4 6 7 |  7.6
Long Blades    | 2 7 8 |  8.0
Summonings     | 3 5 |  5.7

Action                   |  1- 3 |  4- 6 |  7- 9 | 10-12 | 13-15 | 16-18 || total
-------------------------+-------+-------+-------+-------+-------+-------++-------
Melee: Unarmed           |    49 |       |       |       |       |       ||    49
       Tailslap          |    11 |    21 |    17 |    18 |    89 |    64 ||   220
       Short sword       |    48 |   283 |       |       |       |       ||   331
       Rapier            |       |    68 |   343 |   171 |   649 |       ||  1231
       Falchion          |       |       |       |       |    83 |   519 ||   602
 Cast: Flame Tongue      |    35 |    89 |   160 |   349 |   367 |   177 ||  1177
       Throw Flame       |       |       |    52 |   221 |   418 |   252 ||   943
       Sticky Flame      |       |       |    26 |   121 |   195 |    95 ||   437
       Fireball          |       |       |       |    29 |   146 |   146 ||   321
       Lightning Bolt    |       |       |       |       |    69 |       ||    69
       Blink             |       |       |       |       |     2 |     9 ||    11
       Bolt of Fire      |       |       |       |       |     1 |    39 ||    40
       Deflect Missiles  |       |       |       |       |       |     2 ||     2
Evoke: Wand              |       |       |       |     4 |    10 |     3 ||    17
  Use: Scroll            |       |       |     8 |     6 |    17 |    16 ||    47
       Potion            |       |       |       |       |     1 |     1 ||     2
 Stab: Sleeping          |     9 |     1 |       |     2 |     1 |     1 ||    14
  Eat: Chunk             |     2 |     7 |    15 |    33 |    50 |    27 ||   134
       Ration            |       |       |     1 |     3 |    11 |    12 ||    27
Armor: Skin              |    44 |   226 |   165 |   129 |   264 |   126 ||   954
Dodge: Dodged            |    76 |   387 |   269 |   217 |   384 |   321 ||  1654
       Deflected         |       |       |       |       |       |     8 ||     8
Block: Buckler           |       |       |       |    45 |       |       ||    45
       Shield            |       |       |       |    61 |   775 |   671 ||  1507
       Reflection        |       |       |       |       |    50 |    47 ||    97
       Rpst.: Falchion   |       |       |       |       |     8 |    40 ||    48
